[ AOE2 MATCH · #505640867 ]
UnrankedJapanese vs Lithuanians
Player's team · LOSS
[ REPLAY ANALYSIS · EXTRACTED FROM THE RECORDED GAME ]
Feudal
9:08
Castle
27:28
Imperial
—
| APM avg | 53.7 |
| APM peak | 109 |
| eAPM avg | 33.1 |
| Villagers / military | 216 / 256 |
Focus
⚔️ 46.3% · 🌾 53.7%
Samurai ×173 · Battering Ram ×44 · Knight ×23 · Militia ×6 · Spearman ×6 · Monk ×4
Feudal
9:15
Castle
23:27
Imperial
45:26
| APM avg | 43.0 |
| APM peak | 102 |
| eAPM avg | 22.6 |
| Villagers / military | 168 / 140 |
Focus
⚔️ 31.3% · 🌾 68.7%
Leitis ×60 · Skirmisher ×20 · Hand Cannoneer ×19 · Archer ×9 · Knight ×9 · Monk ×8
Match map
Initial resources + every placement click. Lines = walls · curves = elevation contours. ◆ gold · ⬟ stone · ● berries · ✦ relic · ◌ wall gap
Your base· Open — 3t gap
うーぺー's base· Open — unwalled flank
Smoothed initial terrain · ◌ = detected wall gap · hover for details
Inputs per minute
— 新竹 - - うーぺー
Build order — 新竹
First 150 of 643 actions detected
| 0:00 | Queue | Villager (Male) |
| 0:00 | Queue | Villager (Male) |
| 0:01 | Queue | Villager (Male) |
| 0:02 | Build | House |
| 0:03 | Build | House |
| 0:07 | Queue | Villager (Male) |
| 0:07 | Queue | Villager (Male) |
| 1:27 | Queue | Villager (Male) |
| 1:27 | Queue | Villager (Male) |
| 1:52 | Queue | Villager (Male) |
| 1:52 | Queue | Villager (Male) |
| 1:52 | Queue | Villager (Male) |
| 2:13 | Build | Lumber Camp |
| 2:20 | Queue | Villager (Male) |
| 2:21 | Queue | Villager (Male) |
| 2:42 | Queue | Villager (Male) |
| 2:42 | Queue | Villager (Male) |
| 2:43 | Queue | Villager (Male) |
| 2:43 | Queue | Villager (Male) |
| 3:00 | Build | House |
| 3:24 | Queue | Villager (Male) |
| 3:24 | Queue | Villager (Male) |
| 3:39 | Build | House |
| 3:47 | Queue | Villager (Male) |
| 3:47 | Queue | Villager (Male) |
| 4:52 | Queue | Villager (Male) |
| 5:06 | Build | Barracks |
| 5:26 | Queue | Villager (Male) |
| 5:39 | Queue | Villager (Male) |
| 5:40 | Research | Loom |
| 5:40 | Research | Loom |
| 6:25 | Build | Mining Camp |
| 6:58 | Research | Feudal Age |
| 6:58 | Research | Feudal Age |
| 7:09 | Build | House |
| 7:15 | Build | Palisade Wall |
| 7:26 | Queue | Militia |
| 7:26 | Queue | Militia |
| 7:39 | Queue | Militia |
| 7:39 | Queue | Militia |
| 7:46 | Build | Palisade Wall |
| 7:54 | Queue | Militia |
| 8:11 | Queue | Militia |
| 8:24 | Build | Mill |
| 8:46 | Build | House |
| 9:08 | Age | Feudal Age |
| 9:10 | Research | Man-at-Arms (upgrade) |
| 9:10 | Research | Man-at-Arms (upgrade) |
| 9:15 | Queue | Villager (Male) |
| 9:15 | Queue | Villager (Male) |
| 9:20 | Build | Mining Camp |
| 9:40 | Queue | Villager (Male) |
| 10:00 | Build | Watch Tower |
| 10:07 | Queue | Villager (Male) |
| 10:07 | Queue | Villager (Male) |
| 10:07 | Queue | Villager (Male) |
| 10:36 | Build | House |
| 10:37 | Queue | Villager (Male) |
| 10:37 | Queue | Villager (Male) |
| 10:52 | Build | Farm |
| 11:04 | Build | Palisade Wall |
| 11:07 | Queue | Villager (Male) |
| 11:07 | Queue | Villager (Male) |
| 11:07 | Queue | Villager (Male) |
| 11:19 | Build | Palisade Wall |
| 11:25 | Queue | Villager (Male) |
| 11:30 | Build | Farm |
| 11:32 | Build | Farm |
| 11:38 | Build | Watch Tower |
| 12:02 | Build | Palisade Wall |
| 12:03 | Build | Palisade Wall |
| 12:04 | Build | Palisade Wall |
| 12:05 | Build | Palisade Wall |
| 12:22 | Build | Mining Camp |
| 12:23 | Queue | Villager (Male) |
| 12:24 | Queue | Villager (Male) |
| 12:24 | Queue | Villager (Male) |
| 13:01 | Queue | Villager (Male) |
| 13:01 | Queue | Villager (Male) |
| 13:29 | Queue | Villager (Male) |
| 13:29 | Queue | Villager (Male) |
| 13:29 | Queue | Villager (Male) |
| 13:42 | Build | House |
| 14:06 | Queue | Villager (Male) |
| 14:06 | Queue | Villager (Male) |
| 14:21 | Build | Farm |
| 14:30 | Build | Mill |
| 14:34 | Build | House |
| 14:43 | Queue | Villager (Male) |
| 14:43 | Queue | Villager (Male) |
| 14:49 | Build | Watch Tower |
| 15:11 | Build | Farm |
| 15:25 | Build | Mining Camp |
| 15:29 | Queue | Villager (Male) |
| 15:29 | Queue | Villager (Male) |
| 15:29 | Queue | Villager (Male) |
| 15:42 | Build | Watch Tower |
| 15:44 | Queue | Villager (Male) |
| 15:44 | Queue | Villager (Male) |
| 15:45 | Queue | Villager (Male) |
| 16:01 | Queue | Villager (Male) |
| 16:01 | Queue | Villager (Male) |
| 16:01 | Queue | Villager (Male) |
| 16:20 | Research | Double-Bit Axe |
| 16:21 | Research | Double-Bit Axe |
| 16:21 | Queue | Villager (Male) |
| 16:22 | Queue | Villager (Male) |
| 16:22 | Queue | Villager (Male) |
| 16:36 | Queue | Villager (Male) |
| 16:36 | Queue | Villager (Male) |
| 16:36 | Queue | Villager (Male) |
| 16:47 | Build | House |
| 16:56 | Queue | Villager (Male) |
| 17:14 | Build | Watch Tower |
| 17:15 | Queue | Villager (Male) |
| 17:32 | Build | Blacksmith |
| 17:42 | Queue | Villager (Male) |
| 17:47 | Build | Farm |
| 18:00 | Research | Fletching |
| 18:00 | Research | Fletching |
| 18:08 | Build | House |
| 18:13 | Queue | Villager (Male) |
| 18:16 | Queue | Villager (Male) |
| 18:16 | Queue | Villager (Male) |
| 18:17 | Queue | Villager (Male) |
| 18:34 | Build | Watch Tower |
| 18:36 | Queue | Villager (Male) |
| 18:36 | Queue | Villager (Male) |
| 18:42 | Build | House |
| 18:54 | Queue | Villager (Male) |
| 18:55 | Queue | Villager (Male) |
| 18:55 | Queue | Villager (Male) |
| 18:59 | Build | House |
| 19:10 | Build | Watch Tower |
| 19:14 | Queue | Villager (Male) |
| 19:14 | Queue | Villager (Male) |
| 19:14 | Queue | Villager (Male) |
| 19:19 | Build | House |
| 19:21 | Build | Stone Wall |
| 19:41 | Build | Farm |
| 19:42 | Build | Farm |
| 19:55 | Queue | Villager (Male) |
| 19:55 | Queue | Villager (Male) |
| 19:58 | Build | House |
| 20:23 | Build | Farm |
| 20:28 | Queue | Villager (Male) |
| 20:48 | Queue | Villager (Male) |
| 20:50 | Build | Farm |
| 20:56 | Queue | Villager (Male) |
| 21:15 | Queue | Villager (Male) |
Build order — うーぺー
First 150 of 504 actions detected
| 0:00 | Queue | Villager (Male) |
| 0:00 | Queue | Villager (Male) |
| 0:01 | Queue | Villager (Male) |
| 0:01 | Queue | Villager (Male) |
| 0:02 | Build | House |
| 0:03 | Build | House |
| 0:21 | Queue | Villager (Male) |
| 0:22 | Queue | Villager (Male) |
| 1:35 | Queue | Villager (Male) |
| 1:53 | Build | Lumber Camp |
| 1:55 | Queue | Villager (Male) |
| 2:29 | Queue | Villager (Male) |
| 2:29 | Queue | Villager (Male) |
| 3:53 | Build | House |
| 3:56 | Queue | Villager (Male) |
| 3:56 | Queue | Villager (Male) |
| 3:56 | Queue | Villager (Male) |
| 3:56 | Queue | Villager (Male) |
| 3:59 | Build | House |
| 4:17 | Build | Mill |
| 5:04 | Queue | Villager (Male) |
| 5:39 | Queue | Villager (Male) |
| 6:00 | Build | Barracks |
| 6:33 | Research | Loom |
| 6:55 | Build | Mining Camp |
| 7:04 | Research | Feudal Age |
| 7:16 | Queue | Militia |
| 7:16 | Queue | Militia |
| 7:23 | Build | House |
| 7:24 | Build | House |
| 7:43 | Queue | Militia |
| 7:49 | Build | Palisade Wall |
| 7:54 | Build | Palisade Wall |
| 7:59 | Build | Palisade Wall |
| 8:09 | Queue | Militia |
| 8:10 | Queue | Militia |
| 8:10 | Queue | Militia |
| 8:34 | Queue | Militia |
| 8:55 | Queue | Militia |
| 9:01 | Queue | Villager (Male) |
| 9:15 | Age | Feudal Age |
| 9:29 | Research | Man-at-Arms (upgrade) |
| 9:29 | Research | Man-at-Arms (upgrade) |
| 9:40 | Queue | Villager (Male) |
| 9:47 | Build | Archery Range |
| 9:48 | Queue | Villager (Male) |
| 9:57 | Build | Palisade Wall |
| 10:05 | Queue | Villager (Male) |
| 10:11 | Queue | Villager (Male) |
| 10:17 | Build | Palisade Wall |
| 10:25 | Research | Town Watch |
| 10:31 | Queue | Villager (Male) |
| 10:52 | Queue | Villager (Male) |
| 10:54 | Queue | Archer |
| 11:03 | Research | Arson |
| 11:17 | Queue | Villager (Male) |
| 11:17 | Queue | Villager (Male) |
| 11:28 | Build | House |
| 11:31 | Queue | Archer |
| 11:50 | Build | House |
| 12:10 | Queue | Villager (Male) |
| 12:16 | Queue | Villager (Male) |
| 12:29 | Queue | Villager (Male) |
| 12:35 | Build | Lumber Camp |
| 12:58 | Queue | Archer |
| 13:11 | Build | Mill |
| 13:48 | Build | Farm |
| 13:49 | Build | Farm |
| 13:51 | Build | Farm |
| 14:17 | Build | Farm |
| 14:26 | Queue | Villager (Male) |
| 14:26 | Queue | Archer |
| 14:26 | Queue | Villager (Male) |
| 14:31 | Build | Farm |
| 14:39 | Queue | Archer |
| 14:40 | Queue | Villager (Male) |
| 14:47 | Queue | Spearman |
| 14:53 | Build | Farm |
| 14:57 | Build | House |
| 15:02 | Build | House |
| 15:07 | Build | House |
| 15:11 | Queue | Villager (Male) |
| 15:12 | Queue | Archer |
| 15:22 | Build | Farm |
| 15:33 | Queue | Villager (Male) |
| 15:33 | Queue | Villager (Male) |
| 15:33 | Queue | Villager (Male) |
| 15:38 | Build | Palisade Wall |
| 15:49 | Queue | Archer |
| 15:51 | Queue | Villager (Male) |
| 15:52 | Queue | Archer |
| 16:37 | Build | Lumber Camp |
| 16:43 | Queue | Villager (Male) |
| 16:52 | Queue | Villager (Male) |
| 16:59 | Queue | Archer |
| 17:21 | Queue | Villager (Male) |
| 17:30 | Build | House |
| 17:37 | Build | Farm |
| 17:39 | Queue | Villager (Male) |
| 18:04 | Build | Farm |
| 18:06 | Build | Farm |
| 18:07 | Queue | Villager (Male) |
| 18:21 | Build | House |
| 18:22 | Build | House |
| 18:28 | Build | Farm |
| 18:57 | Build | Blacksmith |
| 19:19 | Build | Watch Tower |
| 19:31 | Build | Mining Camp |
| 19:33 | Queue | Villager (Male) |
| 20:03 | Build | Farm |
| 20:04 | Build | Farm |
| 20:10 | Build | Farm |
| 20:25 | Build | Farm |
| 20:35 | Build | House |
| 20:36 | Build | House |
| 20:47 | Research | Castle Age |
| 20:47 | Research | Castle Age |
| 21:26 | Queue | Villager (Male) |
| 21:31 | Build | Stable |
| 23:04 | Queue | Villager (Male) |
| 23:17 | Research | Scale Barding Armor |
| 23:18 | Research | Scale Barding Armor |
| 23:18 | Queue | Villager (Male) |
| 23:20 | Build | Mill |
| 23:21 | Build | Farm |
| 23:21 | Build | Farm |
| 23:21 | Build | Farm |
| 23:23 | Build | Farm |
| 23:23 | Build | Farm |
| 23:27 | Age | Castle Age |
| 23:34 | Queue | Knight |
| 23:34 | Queue | Knight |
| 23:40 | Queue | Knight |
| 23:41 | Build | Farm |
| 23:44 | Build | Monastery |
| 24:07 | Queue | Knight |
| 24:23 | Queue | Monk |
| 24:33 | Queue | Knight |
| 24:35 | Queue | Villager (Male) |
| 25:01 | Queue | Villager (Male) |
| 25:11 | Queue | Villager (Male) |
| 25:19 | Queue | Villager (Male) |
| 25:19 | Queue | Villager (Male) |
| 25:34 | Build | Town Center |
| 25:43 | Queue | Villager (Male) |
| 25:44 | Queue | Villager (Male) |
| 25:44 | Queue | Villager (Male) |
| 25:51 | Queue | Monk |
| 25:54 | Build | House |
| 25:55 | Build | House |
Match timeline
| 5:06 | 新竹 · first_building Barracks |
| 6:00 | うーぺー · first_building Barracks |
| 7:15 | 新竹 · wall_segment Palisade Wall x1 |
| 7:46 | 新竹 · wall_segment Palisade Wall x5 |
| 7:49 | うーぺー · wall_segment Palisade Wall x13 |
| 7:54 | うーぺー · wall_segment Palisade Wall x1 |
| 7:59 | うーぺー · wall_segment Palisade Wall x1 |
| 9:08 | 新竹 · age_up feudal |
| 9:15 | うーぺー · age_up feudal |
| 9:47 | うーぺー · first_building Archery Range |
| 9:57 | うーぺー · wall_segment Palisade Wall x2 |
| 10:17 | うーぺー · wall_segment Palisade Wall x7 |
| 11:04 | 新竹 · wall_segment Palisade Wall x2 |
| 11:19 | 新竹 · wall_segment Palisade Wall x3 |
| 12:02 | 新竹 · wall_segment Palisade Wall x1 |
| 12:03 | 新竹 · wall_segment Palisade Wall x1 |
| 12:04 | 新竹 · wall_segment Palisade Wall x1 |
| 12:05 | 新竹 · wall_segment Palisade Wall x1 |
| 15:38 | うーぺー · wall_segment Palisade Wall x9 |
| 19:21 | 新竹 · wall_segment Stone Wall x1 |
| 21:31 | うーぺー · first_building Stable |
| 23:27 | うーぺー · age_up castle |
| 23:44 | うーぺー · first_building Monastery |
| 24:25 | 新竹 · wall_segment Palisade Wall x12 |
| 24:56 | 新竹 · wall_segment Palisade Wall x7 |
| 25:16 | 新竹 · wall_segment Palisade Wall x2 |
| 25:19 | 新竹 · wall_segment Palisade Wall x9 |
| 25:28 | 新竹 · first_building Stable |
| 25:51 | 新竹 · wall_segment Palisade Wall x1 |
| 26:53 | うーぺー · first_building Castle |
| 27:07 | 新竹 · first_market_buy 100 food |
| 27:28 | 新竹 · age_up castle |
| 27:36 | 新竹 · first_building Monastery |
| 28:54 | 新竹 · wall_segment Stone Wall x1 |
| 29:38 | 新竹 · wall_segment Palisade Wall x1 |
| 29:42 | 新竹 · wall_segment Palisade Wall x1 |
| 30:45 | 新竹 · wall_segment Stone Wall x1 |
| 31:26 | 新竹 · wall_segment Stone Wall x2 |
| 32:34 | 新竹 · first_building Castle |
| 34:24 | 新竹 · first_building Siege Workshop |
| 37:15 | うーぺー · first_market_buy 100 stone |
| 41:13 | 新竹 · wall_segment Palisade Wall x1 |
| 41:43 | うーぺー · first_market_sell 100 wood |
| 45:26 | うーぺー · age_up imperial |
| 49:43 | 新竹 · first_market_sell 500 wood |
| 55:16 | 新竹 · resign |
[ AI ANALYSIS · 1 CREDIT ]
What really happened in this match?
Wolo.gg analyzes every decision: build order, eco, micro, common mistakes by bracket. Personalized analysis on WhatsApp or Discord in 30 seconds.
Civ guide
Japanese
Perfil
Jugador #14547856